 Dungeon Crawl Stone Soup version 0.25-a0-713-g4845790874 (webtiles) character file.

Game seed: 8490303715516460512, levelgen mode: deterministic

102415 Maedhros the Blocker (level 16, -1/119 HPs)
             Began as an Octopode Artificer on Apr 4, 2020.
             Was a High Priest of Cheibriados.
             Slain by a golden dragon simulacrum (14 damage)
             ... in an ice cave on Apr 5, 2020.
             The game lasted 01:39:15 (16059 turns).

Maedhros the Blocker (Octopode Artificer)          Turns: 16059, Time: 01:39:16

Health: -1/119     AC:  4    Str: 30    XL:     16   Next: 33%
Magic:  11/32      EV: 27    Int: 34    God:    Cheibriados [*****.]
Gold:   598        SH: 22    Dex: 37    Spells: 11/25 levels left

rFire    + + .     SeeInvis +     - Unarmed
rCold    + . .     Gourm    .   u - +5 kite shield
rNeg     . . .     Faith    .   I - +0 hat of Biemipih {rElec Int+5 Dex-3} (curse)
rPois    +         Spirit   .   (no amulet)
rElec    +         Reflect  .   a - ring of see invisible
rCorr    +         Harm     .   F - ring of magical power
MR       +....                  G - +2 ring of dexterity
Stlth    +++++++...             N - ring "Soin" {rPois AC+3 Dex+2}
HPRegen  0.29/turn              w - +3 ring of dexterity
MPRegen  0.23/turn              (no ring)
                                V - ring of resist corrosion
                                Z - ring of Cuibur {rPois rF+ Str+6 Dex+3}

@: mighty, resistant, very slightly contaminated, very slow
A: almost no armour, stealthy swim, amphibious, 8 rings, constrict 8, antennae
1, camouflage 1, robust 1, gelatinous body 1
a: Bend Time, Temporal Distortion, Slouch, Step From Time, Renounce Religion


You were in an ice cave.
You worshipped Cheibriados.
Cheibriados was extremely pleased with you.
You were not hungry.

You visited 5 branches of the dungeon, and saw 26 of its levels.
You visited 1 bazaar.
You also visited: Ossuary and Ice Cave.

You collected 2942 gold pieces.
You spent 2344 gold pieces at shops.

Inventory:

Missiles
 i - 3 atropa-tipped darts
 v - 92 poisoned darts
 y - 35 boomerangs (quivered)
Armour
 k - a +0 tower shield
 u - a +5 kite shield (worn)
 I - the cursed +0 hat of Biemipih (worn) {rElec Int+5 Dex-3}
   (You bought it in a shop in a bazaar)

   It affects your intelligence (+5).
   It affects your dexterity (-3).
   It insulates you from electricity.
   It has a curse placed upon it.
Jewellery
 a - a ring of see invisible (left tentacle)
 w - a +3 ring of dexterity (on tentacle)
 F - a ring of magical power (right tentacle)
 G - a +2 ring of dexterity (on tentacle)
 N - the ring "Soin" (on tentacle) {rPois AC+3 Dex+2}
   (You bought it in a shop in a bazaar)

   [ring of protection]

   It affects your AC (+3).
   It affects your dexterity (+2).
   It protects you from poison.
 U - an uncursed ring of fire
 V - a ring of resist corrosion (on tentacle)
 Z - the ring of Cuibur (on tentacle) {rPois rF+ Str+6 Dex+3}
   (You bought it in a shop on level 2 of the Orcish Mines)

   [ring of dexterity]

   It affects your strength (+6).
   It affects your dexterity (+3).
   It protects you from fire.
   It protects you from poison.
Wands
 c - a wand of enslavement (14)
 r - a wand of clouds (6)
 z - a wand of paralysis (1)
 M - a wand of digging (6)
 P - a wand of polymorph (11)
Scrolls
 j - 2 scrolls of blinking
 m - 13 scrolls of teleportation
 q - 2 scrolls of fog
 s - 3 scrolls of vulnerability
 C - a scroll of immolation
 J - 5 scrolls of fear
 O - a scroll of holy word
 Q - a scroll of summoning
 R - 5 scrolls of enchant armour
 Y - a scroll of torment
Potions
 e - 6 potions of brilliance
 g - a potion of cancellation
 l - 5 potions of lignification
 n - a potion of resistance
 p - 4 potions of curing
 t - 10 potions of flight
 x - a potion of degeneration {unknown}
 A - 4 potions of stabbing {unknown}
 D - 2 potions of heal wounds
 K - 3 potions of berserk rage {unknown}
 L - a potion of might
 S - a potion of invisibility
 X - 2 potions of magic {unknown}
Miscellaneous
 H - a tin of tremorstones
 T - 3 boxes of beasts
 W - a lightning rod (4/4)
Comestibles
 f - 39 rations


   Skills:
 * Level 10.2 Fighting
   Level 1.0 Short Blades
 * Level 10.3 Dodging
 - Level 11.8 Stealth
 + Level 14.8 Shields
 - Level 10.5 Unarmed Combat
 - Level 5.0 Spellcasting
 - Level 2.0 Conjurations
 - Level 3.2 Necromancy
 - Level 6.2 Transmutations
 - Level 2.0 Air Magic
 - Level 8.7 Poison Magic
 - Level 6.2 Invocations
 - Level 9.1 Evocations


You had 11 spell levels left.
You knew the following spells:

 Your Spells              Type           Power        Failure   Level  Hunger
a - Animate Skeleton      Necr           N/A          1%          1    None
b - Apportation           Tloc           #.....       4%          1    None
c - Mephitic Cloud        Conj/Pois/Air  #####...     2%          3    None
d - Olgreb's Toxic Radia  Pois           ######..     1%          4    ###....
e - Alistair's Intoxicat  Tmut/Pois      ######..     6%          5    #####..

Your spell library contained the following spells:

 Spells                   Type           Power        Failure   Level  Hunger
 Spider Form              Tmut/Pois      ######....   1%          3    None
 Foxfire                  Conj/Fire      ###.         3%          1    None
 Corona                   Hex            #......      4%          1    None
 Summon Small Mammal      Summ           #...         4%          1    None
 Ice Form                 Ice/Tmut       ####....     12%         4    ###....
 Metabolic Englaciation   Hex/Ice        #.........   77%         5    #####..
 Freezing Cloud           Conj/Ice/Air   ###.......   98%         6    ######.
 Simulacrum               Ice/Necr       ###.......   98%         6    ######.
 Ozocubu's Refrigeration  Ice            #.........   100%        6    ######.


Dungeon Overview and Level Annotations

Branches:
Dungeon (14/15)            Temple (0/1) D:5            Lair (6/6) D:11
 Shoals (0/4) Lair:2       Spider (3/4) Lair:3        Slime (0/5) Lair:5
    Orc (2/2) D:10            Elf (1/3) Orc:2        Vaults (0/5) D:14
Ossuary (visited)           IceCv (1/1)

Altars:
Ashenzari
Cheibriados
Elyvilon
Fedhas
Kikubaaqudgha
Makhleb
Nemelex Xobeh
Qazlal
Sif Muna
Zin
Jiyva

Shops:
D:6 (   D:9 [   D:10 !   D:12 ((   D:14 }   Orc:2 !!=:   Elf:1 (!

Annotations:
D:12 Frances
Lair:4 3 runed translucent doors, Zajic's ghost, journeyman MiBe IceCv exclusion: 4 ice statues


Innate Abilities, Weirdness & Mutations

You cannot wear most types of armour.
You are very stealthy in the water. (Stealth+)
You are amphibious.
You can wear up to eight rings at the same time.
You can use your tentacles to constrict eight enemies at once.
Your skin changes colour to match your surroundings (Stealth+).
Your rubbery body absorbs attacks. (AC +1, EV +1)
You have a pair of small antennae on your head.
You are robust. (+10% HP)


Message History

* * * LOW HITPOINT WARNING * * *
The ice beast barely misses you.
Unknown command.
Unknown command.
You feel much better.
You are engulfed in freezing vapours.
You resist. The ice beast completely misses you.
The ice beast barely misses you.
The ice statue gestures.
The ice beast completely misses you.
Unknown command.
You can feel time thicken for a moment.
You kill the ice beast!
You feel somewhat more hungry.
Cheibriados lowers the support of your attributes as your movement quickens.
You are engulfed in freezing vapours.
You resist.
* * * LOW HITPOINT WARNING * * *
You block the ice beast's attack. The golden dragon simulacrum bites you!
* * * LOW HITPOINT WARNING * * *
The golden dragon simulacrum freezes you!
You resist.
You die...

## ############# $(.
##8...8#(....## # ....
##......#[.....### Z....
#☼Y☼°...#.☼.....#.
.....{#@°○....#○......#.
......Z○Y°.....☼........
......#.......#☼......#.
......#......Y#.......#.
..... ##...Y..#......###
??..# ##8...8#(....## #
#### #############


You could see 4 ice statues, 4 ice beasts and a golden dragon simulacrum.

Vanquished Creatures
  An emperor scorpion (Spider:3)
  A very ugly thing (IceCv)
  3 entropy weavers (Spider:3)
  3 dire elephants (Lair:6)
  A deep elf annihilator (Elf:1)
  2 spark wasps (Spider:1)
  An ice dragon (Spider:3)
  A deep elf high priest (Elf:1)
  3 hydras
  6 two-headed ogres
  An anaconda (Lair:6)
  2 centaur warriors (D:14)
  2 dancing weapons (Elf:1)
  2 deep elf knights
  A skeletal warrior (D:14)
  An unseen horror (D:9)
  3 deep elf archers (Elf:1)
  Pikel (D:5)
  15 orb spiders
  3 orc knights
  A wolf spider zombie (D:14)
  A harpy (shapeshifter) (D:14)
  3 orc sorcerers
  16 wolf spiders
  A cyclops (shapeshifter) (D:14)
  21 deep elf magi
  8 elephants (Lair:6)
  A cyclops (D:14)
  An ice statue (IceCv)
  2 black mambas
  A merfolk siren (Lair:2)
  2 torpor snails (Lair:6)
  A gargoyle (D:10)
  6 spiny frogs
  7 demonic crawlers
  3 rime drakes
  2 kobold demonologists
  9 komodo dragons
  3 anaconda simulacra (IceCv)
  2 trolls
  2 merfolk (Lair:2)
  27 jumping spiders
  3 meliai (Spider:3)
  5 slime creatures (D:14)
  2 hornets (D:8)
  4 blink frogs (Lair:3)
  7 hippogriffs
  6 dream sheep (Lair:6)
  A centaur simulacrum (D:14)
  Sigmund (D:3)
  14 tarantellas
  39 redbacks
  Eustachio (D:6)
  26 yaks
  A water elemental (Elf:1)
  3 wyverns
  3 hungry ghosts
  3 basilisks
  Menkaure (Ossuary)
  A harpy simulacrum (IceCv)
  3 wargs
  An iron troll simulacrum (IceCv)
  2 acid dragons
  5 soldier ants
  4 water moccasins
  8 porcupines
  A hydra simulacrum (IceCv)
  36 orc warriors
  2 sky beasts
  7 ice beasts
  5 phantoms
  14 ogres
  10 centaurs
  9 crocodiles
  5 big kobolds
  15 bullfrogs
  3 wyvern skeletons (D:14)
  A water moccasin skeleton (D:6)
  2 scorpions
  A troll zombie (Ossuary)
  2 wights (D:8)
  3 electric eels
  A howler monkey (D:11)
  5 crimson imps
  A quasit (D:9)
  2 bullfrog skeletons
  A human zombie (Ossuary)
  3 centaur zombies
  4 centaur skeletons
  2 hounds
  16 orc priests
  16 orc wizards
  2 iguanas
  Ijyb (D:3)
  14 worker ants
  A killer bee zombie (D:6)
  2 ogre zombies (Ossuary)
  A hound zombie (D:8)
  6 mummies (Ossuary)
  Robin (D:3)
  3 gnolls (D:4)
  A howler monkey skeleton (D:4)
  10 adders
  4 shadow imps
  4 adder zombies (Ossuary)
  3 oozes
  2 worms
  2 dart slugs (D:2)
  2 leopard geckos
  61 orcs
  3 giant cockroaches
  10 goblins
  2 hobgoblins
  A quokka (D:12)
  2 bats (D:2)
  4 frilled lizards
  A gnoll zombie (Ossuary)
  2 goblin zombies (Ossuary)
  5 hobgoblin zombies (Ossuary)
  20 kobolds
  3 kobold zombies (Ossuary)
  A leopard gecko skeleton (D:8)
  2 orc zombies (Ossuary)
  3 quokka zombies (Ossuary)
  5 rats
  4 rat zombies (Ossuary)
  A fungus (Lair:3)
  A plant (Lair:6)
674 creatures vanquished.

Vanquished Creatures (collateral kills)
  A very ugly thing (IceCv)
  A komodo dragon (D:14)
  A hippogriff (D:11)
  A hydra simulacrum (IceCv)
  An ogre (D:13)
  A centaur (D:14)
  A crimson imp (D:11)
  A bullfrog zombie (D:13)
  A hound skeleton (D:11)
  2 howler monkey skeletons
  An adder (D:11)
  An orc (D:3)
  4 goblins (D:3)
  2 hobgoblins (D:3)
  A kobold (D:3)
  A quokka (D:3)
  A rat (D:3)
22 creatures vanquished.

Vanquished Creatures (others)
  A slave (D:5)
  A gnoll (D:4)
  7 fungi
  7 plants (Lair:6)
16 creatures vanquished.

Grand Total: 712 creatures vanquished

Notes
Turn   | Place    | Note
-------+----------+-------------------------------------------
     0 | D:1      | Maedhros the Octopode Artificer began the quest for the
                  | Orb.
     0 | D:1      | Reached XP level 1. HP: 13/13 MP: 3/3
   390 | D:1      | Reached XP level 2. HP: 18/18 MP: 4/4
   626 | D:2      | Found a stormy altar of Qazlal.
   672 | D:2      | Found a snail-covered altar of Cheibriados.
   679 | D:2      | Became a worshipper of Cheibriados the Contemplative
   915 | D:3      | Reached skill level 1 in Unarmed Combat
   915 | D:3      | Reached XP level 3. HP: 23/23 MP: 5/5
   953 | D:3      | Noticed Robin
   955 | D:3      | Reached XP level 4. HP: 24/28 MP: 7/7
   970 | D:3      | Reached * piety under Cheibriados
   976 | D:3      | Killed Robin
  1089 | D:3      | Found a white marble altar of Elyvilon.
  1130 | D:3      | Noticed Ijyb
  1201 | D:3      | Found a glowing silver altar of Zin.
  1258 | D:3      | Noticed Sigmund
  1269 | D:3      | Killed Sigmund
  1269 | D:3      | Reached XP level 5. HP: 33/33 MP: 8/8
  1269 | D:3      | Reached XP level 6. HP: 38/38 MP: 9/9
  1291 | D:3      | Killed Ijyb
  1352 | D:4      | Reached skill level 5 in Stealth
  1352 | D:4      | Reached skill level 5 in Evocations
  1428 | D:4      | Reached XP level 7. HP: 16/43 MP: 10/10
  1532 | D:4      | Found a shattered altar of Ashenzari.
  1536 | D:4      | Saw a vision of the Shoals and the Spider Nest.
  1536 | D:4      | Noticed a merfolk
  1536 | D:4      | Noticed a merfolk
  1536 | D:4      | Noticed a redback
  1536 | D:4      | Noticed a hornet
  1536 | D:4      | Noticed a merfolk
  1536 | D:4      | Noticed a merfolk siren
  1536 | D:4      | Noticed a merfolk
  1536 | D:4      | Noticed a redback
  1536 | D:4      | Noticed a wolf spider
  1536 | D:4      | Noticed a redback
  1536 | D:4      | Noticed a hippogriff
  1539 | D:4      | Noticed a wolf spider
  1540 | D:4      | Noticed a redback
  1622 | D:4      | Reached ** piety under Cheibriados
  1629 | D:4      | Reached skill level 5 in Unarmed Combat
  1748 | D:5      | Entered Level 5 of the Dungeon
  1765 | D:5      | Found a burning altar of Makhleb.
  1781 | D:5      | Noticed Pikel
  1854 | D:4      | Reached XP level 8. HP: 42/48 MP: 12/12
  1979 | D:5      | Found a blossoming altar of Fedhas.
  2020 | D:5      | Found a staircase to the Ecumenical Temple.
  2030 | D:5      | Found a sand-covered staircase.
  2040 | D:5      | Identified the Papyrus of Blistering Envenoming
  2063 | Ossuary  | Entered an ossuary
  2346 | Ossuary  | Reached *** piety under Cheibriados
  2372 | Ossuary  | Noticed Menkaure
  2382 | Ossuary  | Killed Menkaure
  2382 | Ossuary  | Reached skill level 1 in Invocations
  2623 | D:6      | Found a sparkling altar of Nemelex Xobeh.
  2709 | D:6      | Reached XP level 9. HP: 49/54 MP: 13/13
  2734 | D:6      | Found Niawyq's Antique Weapon Shoppe.
  2769 | D:6      | Noticed Eustachio
  2779 | D:6      | Killed Eustachio
  2840 | D:6      | Found a shimmering blue altar of Sif Muna.
  2866 | D:6      | Learned a level 1 spell: Animate Skeleton
  2868 | D:6      | Learned a level 1 spell: Apportation
  2872 | D:6      | Learned a level 3 spell: Mephitic Cloud
  3233 | D:8      | Found an ancient bone altar of Kikubaaqudgha.
  3254 | D:8      | Noticed a two-headed ogre
  3271 | D:8      | Killed a two-headed ogre
  3271 | D:8      | Reached skill level 1 in Necromancy
  3317 | D:8      | Reached **** piety under Cheibriados
  3457 | D:8      | Noticed a hornet
  3459 | D:8      | Noticed a hornet
  3464 | D:8      | Killed a hornet
  3467 | D:8      | Killed a hornet
  3467 | D:8      | Reached XP level 10. HP: 27/63 MP: 15/15
  3555 | D:9      | Found Culo's Armour Shoppe.
  3734 | D:9      | Reached skill level 5 in Invocations
  3811 | D:10     | Entered Level 10 of the Dungeon
  3843 | D:10     | Noticed a two-headed ogre
  3856 | D:10     | Killed a two-headed ogre
  3904 | D:10     | Found Ilist's Distillery.
  3914 | D:10     | Noticed a gargoyle
  3920 | D:10     | Upgraded the game from 0.25-a0-705-ge9988fc0fb to
                  | 0.25-a0-713-g4845790874
  3925 | D:10     | Killed a gargoyle
  3928 | D:10     | Bought a potion of heal wounds for 55 gold pieces
  3928 | D:10     | Bought a potion of lignification for 33 gold pieces
  3928 | D:10     | Bought a potion of heal wounds for 55 gold pieces
  4053 | D:10     | Noticed a two-headed ogre
  4059 | D:10     | Killed a two-headed ogre
  4305 | D:11     | Reached skill level 5 in Dodging
  4305 | D:11     | Reached XP level 11. HP: 70/70 MP: 17/17
  4311 | D:11     | Reached ***** piety under Cheibriados
  4366 | D:11     | Reached skill level 1 in Poison Magic
  4378 | D:11     | Reached skill level 1 in Conjurations
  4378 | D:11     | Reached skill level 1 in Air Magic
  4668 | D:11     | Noticed a two-headed ogre
  4672 | D:11     | Killed a two-headed ogre
  4672 | D:11     | Reached skill level 5 in Fighting
  4688 | D:11     | Reached skill level 10 in Stealth
  4703 | D:11     | Found a staircase to the Lair.
  4776 | D:12     | Noticed a two-headed ogre
  4860 | D:12     | Found Nowuxt's Weapon Shop.
  4881 | D:12     | Found a gate leading to a gauntlet.
  4933 | D:12     | Found a flickering gateway to a bazaar.
  4938 | Bazaar   | Entered a bazaar
  4946 | Bazaar   | Found Iptiuzie's Jewellery Shop.
  4946 | Bazaar   | Found Ygopuda's Antique Armour Shop.
  4965 | Bazaar   | Bought an ancient hat for 180 gold pieces
  4970 | Bazaar   | Identified the cursed +0 hat of Biemipih {rElec Int+5
                  | Dex-3} (You bought it in a shop in a bazaar)
  5000 | Bazaar   | Bought the ring "Soin" {rPois AC+3 Dex+2} for 364 gold
                  | pieces
  5106 | D:12     | Learned a level 4 spell: Olgreb's Toxic Radiance
  5144 | D:12     | Noticed Frances
  5204 | D:12     | Killed a two-headed ogre
  5308 | D:12     | Found Lemuc's Antique Weapon Shop.
  5699 | D:5      | Killed Pikel
  6022 | D:8      | Reached skill level 10 in Unarmed Combat
  6059 | D:8      | Reached ****** piety under Cheibriados
  6118 | D:9      | Noticed an unseen horror
  6121 | D:9      | Killed an unseen horror
  6319 | D:10     | Found a staircase to the Orcish Mines.
  6335 | Orc:1    | Entered Level 1 of the Orcish Mines
  6346 | Orc:1    | Noticed an orc sorcerer
  6601 | Orc:1    | Killed an orc sorcerer
  6601 | Orc:1    | Reached skill level 5 in Poison Magic
  6601 | Orc:1    | Reached XP level 12. HP: 64/78 MP: 18/18
  6921 | Orc:2    | Entered Level 2 of the Orcish Mines
  7312 | Orc:2    | Reached skill level 1 in Shields
  7617 | Orc:2    | Reached skill level 2 in Shields
  7651 | Orc:2    | Found a staircase to the Elven Halls.
  7937 | Lair:1   | Entered Level 1 of the Lair of Beasts
  8054 | Lair:1   | Reached skill level 3 in Shields
  8072 | Lair:1   | Noticed a five-headed hydra
  8085 | Lair:1   | Killed a five-headed hydra
  8088 | Lair:1   | Reached skill level 4 in Shields
  8334 | Lair:2   | Reached skill level 5 in Shields
  8356 | Lair:2   | Reached skill level 6 in Shields
  8583 | Lair:2   | Reached skill level 7 in Shields
  8652 | Lair:3   | Reached XP level 13. HP: 83/83 MP: 19/19
  8693 | Lair:3   | Reached skill level 8 in Shields
  8794 | Lair:4   | Reached skill level 9 in Shields
  9060 | Lair:4   | Reached skill level 1 in Spellcasting
  9132 | Lair:4   | Found a runed translucent gate.
  9132 | Lair:4   | Found a runed translucent gate.
  9132 | Lair:4   | Found a runed translucent gate.
  9137 | Lair:4   | Noticed Zajic's ghost (journeyman MiBe)
  9182 | Lair:5   | Found a viscous altar of Jiyva.
  9185 | Lair:5   | Found a staircase to the Slime Pits.
  9298 | Lair:5   | Reached skill level 10 in Shields
  9426 | Lair:6   | Entered Level 6 of the Lair of Beasts
  9508 | Lair:6   | Learned a level 5 spell: Alistair's Intoxication
  9805 | Lair:6   | Reached skill level 11 in Shields
 10129 | Lair:6   | Noticed a dire elephant
 10142 | Lair:6   | Noticed a dire elephant
 10142 | Lair:6   | Noticed a dire elephant
 10386 | Lair:6   | Noticed a dire elephant
 10403 | Lair:6   | Noticed a dire elephant
 10404 | Lair:6   | Noticed a dire elephant
 10539 | Lair:6   | Killed a dire elephant
 10802 | Lair:6   | Reached XP level 14. HP: 84/90 MP: 21/21
 10809 | Lair:6   | Reached skill level 12 in Shields
 11088 | D:13     | Reached skill level 1 in Transmutations
 11304 | D:14     | Reached skill level 5 in Spellcasting
 11415 | D:14     | Found a gate to the Vaults.
 11484 | D:14     | Found Bocruegu's Gadget Shoppe.
 11492 | D:14     | Bought a lightning rod (4/4) for 480 gold pieces
 11492 | D:14     | Bought a box of beasts for 240 gold pieces
 11492 | D:14     | Bought a box of beasts for 240 gold pieces
 11516 | D:14     | Found a white marble altar of Elyvilon.
 12293 | Orc:2    | Found Yduhy's Jewellery Shop.
 12293 | Orc:2    | Found Duorheh's Distillery.
 12295 | Orc:2    | Found Gualirej's Distillery.
 12297 | Orc:2    | Found Zauji's Book Boutique.
 12301 | Orc:2    | Bought the ring of Cuibur {rPois rF+ Str+6 Dex+3} for 697
                  | gold pieces
 12353 | Elf:1    | Entered Level 1 of the Elven Halls
 12370 | Elf:1    | Reached skill level 13 in Shields
 12383 | Elf:1    | Noticed a deep elf annihilator
 12400 | Elf:1    | Reached skill level 5 in Transmutations
 12627 | Elf:1    | Killed a deep elf annihilator
 13094 | Elf:1    | Found Mauthreh's Weapon Emporium.
 13135 | Elf:1    | Found Ravaop Yfucw's Distillery.
 13186 | Elf:1    | Reached XP level 15. HP: 69/94 MP: 22/22
 13594 | Lair:2   | Found a staircase to the Shoals.
 13662 | Lair:3   | You fall into a shaft and drop 3 floors!
 13700 | Lair:6   | Reached skill level 14 in Shields
 13931 | Lair:3   | Found a hole to the Spider Nest.
 14018 | Spider:1 | Entered Level 1 of the Spider Nest
 15117 | Spider:2 | Noticed an emperor scorpion
 15367 | Spider:3 | Noticed an emperor scorpion
 15385 | Spider:3 | Killed an emperor scorpion
 15418 | Spider:3 | Reached XP level 16. HP: 87/108 MP: 11/23
 15553 | Spider:3 | Reached skill level 10 in Dodging
 15573 | Spider:3 | Found a frozen archway.
 15711 | IceCv    | Entered an ice cave
 15727 | IceCv    | Reached skill level 10 in Fighting
 16039 | IceCv    | Gained mutation: You have a pair of small antennae on your
                  | head. [potion of mutation]
 16039 | IceCv    | Gained mutation: You are robust. (+10% HP) [potion of
                  | mutation]
 16059 | IceCv    | Slain by a golden dragon simulacrum

Levels and vault maps discovered:
D:1:      sevenhm_arrival_forest_fort_large_2, layout_basic, kennysheep_boxes
D:2:      layout_basic, cheibriados_altar_1, overflow_temple_1_default
D:3:      layout_rooms, old_standard_altar, lemuel_coloured_pillars_altar,
          uniq_ijyb, uniq_robin, uniq_sigmund
D:4:      layout_loops_ring, first_ration, grunt_ashenzari_visionary
          [grunt_ashenzari_visionary_shoals, grunt_ashenzari_visionary_spider]
D:5:      layout_loops_cross, fedhas_altar_1, kennysheep_mini_moat,
          minmay_temple_entry_grid, enter_ossuary_1, grunt_decor_mini_mirrors,
          uniq_pikel
D:6:      layout_loops_ring, kennysheep_little_box, serial_shops,
          kennysheep_mini, shop_fountains, nemelex_dance_club_becter,
          uniq_eustachio
D:7:      layout_cave_pools
D:8:      minmay_imperfect_grid, layout_loops_corners,
          kiku_gazebo_garden_becter, hangedman_pestilent_swarm
D:9:      layout_long_grid, serial_shops,
          nicolae_shop_temple_entry_statues_fountains
D:10:     layout_long_grid, orc_0_dummy, serial_shops, shop, uniq_urug
D:11:     layout_roguey, david_lair_generic
D:12:     layout_roguey, serial_shops, bzr_entry_road, shop, shop,
          gauntlet_entry_generic, uniq_frances
D:13:     layout_long_grid
D:14:     layout_irregular_city, hangedman_vaults_entry_quadrant_bands,
          serial_shops, nicolae_shop_waterfront, elyvilon_altar_3
Lair:1:   layout_hall_layers
Lair:2:   layout_small_grid, elwin_shoals_entry_stream
Lair:3:   lemuel_slime, layout_misc_corridors,
          nicolae_spider_entry_tight_spaces, disabler_island
Lair:4:   layout_roguey, gammafunk_ghost_necromancy,
          nicolae_quartered_pool_little, grunt_megastairs_2
Lair:5:   layout_layer_cave, slime_altar_1
Lair:6:   due_jungle_book, layout_regular_city
Spider:1: cheibrodos_forgotten_conduit, hangedman_spider_tarantella_strand
Spider:2: layout_spider_delve, guppyfry_spider_mini_1
Spider:3: layout_spider_delve, portal_ice_cave_entry_dragon,
          minmay_another_anthill
Orc:1:    layout_caves, enter_bailey_8
Orc:2:    st_orc_rangers, layout_diamond_mine
Elf:1:    layout_geoelf_octagon, serial_shops, nicolae_shop_crystal,
          shop_statue, shop, hangedman_elf_represent
IceCv:    ice_cave_statue_garden_chambered

Skill      XL: |  1  2  3  4  5  6  7  8  9 10 11 12 13 14 15 16 |
---------------+-------------------------------------------------+-----
Stealth        | 2 3 4 5 6 7 8 9 10 11 | 11.8
Unarmed Combat | 1 3 4 5 7 8 9 10 | 10.5
Evocations     | 4 5 6 7 8 9 |  9.1
Invocations    | 2 4 6 |  6.2
Fighting       | 2 3 4 5 6 9 10 | 10.2
Dodging        | 4 5 6 9 10 | 10.3
Necromancy     | 1 3 |  3.2
Poison Magic   | 5 6 8 |  8.7
Conjurations   | 2 |  2.0
Air Magic      | 2 |  2.0
Shields        | 7 11 13 14 | 14.8
Spellcasting   | 4 5 |  5.0
Transmutations | 6 |  6.2
Short Blades   | |  1.0

Action                   |  1- 3 |  4- 6 |  7- 9 | 10-12 | 13-15 | 16-18 || total
-------------------------+-------+-------+-------+-------+-------+-------++-------
Melee: Short sword       |    12 |       |       |       |       |       ||    12
       Constrict         |    14 |    17 |    46 |    84 |   124 |    12 ||   297
       Tentacles         |     9 |    12 |    74 |   180 |   318 |    40 ||   633
       Dagger            |    34 |    53 |   185 |       |       |       ||   272
       Punch             |       |     2 |    21 |    56 |   110 |    14 ||   203
       Unarmed           |       |       |    37 |   409 |   675 |    64 ||  1185
Throw: Dart              |       |       |       |     2 |       |       ||     2
       Boomerang         |       |       |       |     3 |     4 |       ||     7
 Cast: Apportation       |       |       |       |     2 |       |       ||     2
       Mephitic Cloud    |       |       |       |     1 |    18 |     1 ||    20
       Olgreb's Toxic Ra |       |       |       |    11 |    63 |     8 ||    82
       Animate Skeleton  |       |       |       |       |     9 |       ||     9
Invok: Slouch            |       |       |       |     3 |     4 |     6 ||    13
       Temporal Distorti |       |       |       |       |     1 |     1 ||     2
Evoke: Wand              |       |    11 |    21 |    37 |     7 |    11 ||    87
       Lightning rod     |       |       |       |       |     4 |       ||     4
       Box of beasts     |       |       |       |       |       |     1 ||     1
  Use: Scroll            |       |       |    15 |    11 |     9 |     3 ||    38
       Potion            |       |       |     1 |       |     9 |     7 ||    17
 Stab: Sleeping          |     5 |     3 |    30 |    25 |    33 |       ||    96
       Paralysed         |       |       |    11 |    18 |     1 |    15 ||    45
       Betrayed ally     |       |       |       |     1 |       |       ||     1
       Distracted        |       |       |       |     2 |     7 |       ||     9
       Confused          |       |       |       |       |    16 |       ||    16
  Eat: Chunk             |       |     1 |     2 |     9 |    13 |       ||    25
       Ration            |       |       |     2 |     2 |     2 |     1 ||     7
Armor: Skin              |     3 |     8 |    19 |    16 |    38 |     2 ||    86
Dodge: Dodged            |    22 |    31 |   102 |   199 |   272 |    41 ||   667
Block: Kite shield       |       |       |       |   134 |   620 |    63 ||   817

Table legend:
 A = Non-vault XP
 B = Vault XP
 C = Vault XP percentage of total XP
 D = Non-vault monster count
 E = Vault monster count
 F = Vault count percentage of total count
                 A         B        C        D         E       F
            +---------+---------+-------+---------+---------+-------
      Total |  104099 |   42209 |  28.8 |     497 |     198 |  28.5
            +---------+---------+-------+---------+---------+-------
        D:1 |      14 |       0 |   0.0 |      10 |       0 |   0.0
        D:2 |      19 |       0 |   0.0 |      10 |       0 |   0.0
        D:3 |     115 |     283 |  71.1 |      20 |      12 |  37.5
        D:4 |     793 |       0 |   0.0 |      21 |       0 |   0.0
        D:5 |     214 |     629 |  74.6 |       3 |       1 |  25.0
        D:6 |     417 |     351 |  45.7 |      17 |       3 |  15.0
        D:7 |     397 |       0 |   0.0 |       8 |       0 |   0.0
        D:8 |    1566 |    1615 |  50.8 |      14 |      17 |  54.8
        D:9 |    1560 |       0 |   0.0 |      14 |       0 |   0.0
       D:10 |    2831 |       0 |   0.0 |      12 |       0 |   0.0
       D:11 |    3195 |     448 |  12.3 |      37 |       4 |   9.8
       D:12 |    1566 |       0 |   0.0 |      10 |       0 |   0.0
       D:13 |    2529 |       0 |   0.0 |      16 |       0 |   0.0
       D:14 |    5190 |    5680 |  52.3 |      16 |      17 |  51.5
     Lair:1 |    3183 |       0 |   0.0 |      12 |       0 |   0.0
     Lair:2 |    3739 |    1365 |  26.7 |      17 |       4 |  19.0
     Lair:3 |    4234 |    2836 |  40.1 |      17 |      12 |  41.4
     Lair:4 |    4166 |      88 |   2.1 |      19 |       1 |   5.0
     Lair:5 |    2292 |       0 |   0.0 |       8 |       0 |   0.0
     Lair:6 |   13800 |    2801 |  16.9 |      35 |       5 |  12.5
   Spider:1 |   10124 |    3533 |  25.9 |      31 |       6 |  16.2
   Spider:2 |    5763 |    1960 |  25.4 |      18 |       8 |  30.8
   Spider:3 |   19949 |    4751 |  19.2 |      48 |      17 |  26.2
      Orc:1 |    4012 |       0 |   0.0 |      48 |       0 |   0.0
      Orc:2 |    1842 |    3228 |  63.7 |      19 |      28 |  59.6
      Elf:1 |   10589 |    6818 |  39.2 |      17 |      10 |  37.0
    Ossuary |       0 |     575 | 100.0 |       0 |      37 | 100.0
      IceCv |       0 |    5248 | 100.0 |       0 |      16 | 100.0
            +---------+---------+-------+---------+---------+-------
